 Dungeon Sprint DCSS version 0.28-a0-479-g5baa6b73be (webtiles) character file.

Game seed: 15237438330120125818

33003 MikeHunt the Covert (level 12, -4/97 HPs)
             Began as a Demonspawn Ice Elementalist on Sept 16, 2021.
             Was the Champion of Sif Muna.
             Slain by a dire elephant (5 damage)
             ... in the Dungeon (Sprint III: "The Ten Rune Challenge") on Sept 17, 2021.
             The game lasted 00:23:33 (5366 turns).

MikeHunt the Covert (Demonspawn Ice Elementalist)   Turns: 5366, Time: 00:23:34

Health: -4/97      AC: 14    Str: 11    XL:     12   Next: 41%
Magic:  14/25      EV: 14    Int: 29    God:    Sif Muna [******]
Gold:   2925       SH:  5    Dex: 13    Spells: 8/30 levels left

rFire   . . .      SeeInvis .   p - +1 dagger (speed)
rCold   + . .      Faith    .   h - +0 buckler
rNeg    . . .      Spirit   .   c - +1 ring mail of Uskayaw's Esteem {rC+ Str+2 Int+7}
rPois   .          Reflect  .   (helmet restricted)
rElec   .          Harm     .   (no cloak)
rCorr   .          Rampage  .   (no gloves)
Will    .....      NoTele   +   b - +0 pair of boots
Stlth   +++++.....              (no amulet)
HPRegen 0.26/turn               (no ring)
MPRegen 0.19/turn               (no ring)

@: ice-armoured, freezing walls, very slightly contaminated
A: antennae 1, demonic guardian 2, foul stench 1
}: 1/10 runes: serpentine
a: Renounce Religion, Channel Magic, Forget Spell, Divine Exegesis


You were in the Dungeon.
You worshipped Sif Muna.
Sif Muna was exalted by your worship.
You visited 1 branch You collected 3235 gold pieces.
You spent 310 gold pieces at shops.

Inventory:

Hand Weapons
 p - a +1 dagger of speed (weapon)
 s - a +0 scimitar of flaming
 v - a +2 double sword
Missiles
 t - 6 javelins
Armour
 a - a +0 robe
 b - a +0 pair of boots (worn)
 c - the +1 ring mail of Uskayaw's Esteem (worn) {rC+ Str+2 Int+7}
   (You bought it in a shop in the Dungeon)

   Str:       It affects your strength (+2).
   Int:       It affects your intelligence (+7).
   rC:        It protects you from cold.
 h - a +0 buckler (worn)
 u - a +3 scale mail of poison resistance
Scrolls
 i - a scroll of holy word {unknown}
 j - 2 scrolls of identify
 m - a scroll of torment {unknown}
 n - a scroll of fog {unknown}
Potions
 d - a potion of haste
 e - 2 potions of magic
 f - a potion of berserk rage
 k - a potion of flight {unknown}
 l - 6 potions of mutation
 o - a potion of lignification {unknown}
 q - a potion of might
Miscellaneous
 r - a phial of floods


   Skills:
 - Level 10.0 Fighting
 + Level 9.2 Short Blades
 - Level 4.4 Armour
 - Level 9.5 Dodging
 - Level 13.0 Stealth
 - Level 4.0 Shields
 - Level 9.7 Spellcasting
 - Level 10.0 Conjurations
 - Level 12.4 Hexes
 - Level 7.3 Transmutations
 - Level 10.2 Ice Magic
 - Level 10.0 Invocations


You had 8 spell levels left.
You knew the following spells:

 Your Spells              Type           Power      Damage    Failure   Level
a - Hailstorm             Conj/Ice       64%        3d14      1%          4
b - Frozen Ramparts       Ice            100%       1d12      1%          3
c - Irradiate             Conj/Tmut      29%        3d23      7%          5
e - Freeze                Ice            100%       1d11      1%          1
i - Invisibility          Hex            36%        N/A       8%          6
x - Ozocubu's Armour      Ice            65%        N/A       1%          3

Your spell library contained the following spells:

 Spells                   Type           Power      Damage    Failure   Level
 Foxfire                  Conj/Fire      100%       2x1d9     1%          1
 Shock                    Conj/Air       100%       1d9       1%          1
 Ensorcelled Hibernation  Hex/Ice        100%       N/A       1%          2
 Static Discharge         Conj/Air       43%        N/A       1%          2
 Dazzling Flash           Conj/Hex       100%       N/A       1%          3
 Summon Guardian Golem    Hex/Summ       50%        N/A       1%          3
 Fulminant Prism          Conj/Hex       34%        3d16      1%          4
 Passwall                 Tmut/Erth      29%        N/A       2%          2
 Metabolic Englaciation   Hex/Ice        34%        N/A       2%          5
 Conjure Flame            Conj/Fire      43%        6-21      3%          3
 Stone Arrow              Conj/Erth      86%        3d12      3%          3
 Spider Form              Tmut/Pois      17%        N/A       5%          3
 Mephitic Cloud           Conj/Pois/Air  33%        N/A       6%          3
 Leda's Liquefaction      Hex/Erth       25%        N/A       7%          4
 Sandblast                Erth           28%        2d8       9%          1
 Iskenderun's Mystic Bla  Conj/Tloc      43%        2d10      11%         4
 Summon Ice Beast         Ice/Summ       43%        N/A       11%         4
 Poisonous Vapours        Pois/Air       28%        N/A       13%         2
 Freezing Cloud           Conj/Ice/Air   26%        6-21      14%         5
 Silence                  Hex/Air        25%        N/A       19%         5
 Swiftness                Air            14%        N/A       26%         3
 Lightning Bolt           Conj/Air       21%        1d36      30%         5
 Animate Armour           Summ/Erth      28%        N/A       63%         4
 Ozocubu's Refrigeration  Ice            32%        4d11      71%         7
 Simulacrum               Ice/Necr       21%        N/A       85%         6
 Conjure Ball Lightning   Conj/Air       21%        3x3d6     86%         6
 Starburst                Conj/Fire      21%        6d7       86%         6
 Discord                  Hex            36%        N/A       98%         8
 Malign Gateway           Summ/Tloc      7%         N/A       100%        7
 Spellforged Servitor     Conj/Summ      21%        N/A       100%        7
 Storm Form               Tmut/Air       17%        N/A       100%        7
 Polar Vortex             Ice            32%        N/A       100%        9


Dungeon Overview and Level Annotations

Branches:
Dungeon (1/1)

Altars:
Cheibriados
Dithmenos
Elyvilon
Fedhas
Gozag
Hepliaklqana
Kikubaaqudgha
Makhleb
Nemelex Xobeh
Okawaru
Qazlal
Ru
Sif Muna
Trog
Uskayaw
Vehumet
Wu Jian
Xom
Yredelemnul
Zin
The Shining One
Beogh
Jiyva
Lugonu

Shops:
D [:?(

Annotations:
D Gastronok, Rupert


Innate Abilities, Weirdness & Mutations

You have a pair of small antennae on your head.
A demonic guardian rushes to your aid.
You may rarely emit foul miasma when damaged in melee.


Message History

The dire elephant is heavily wounded.
The dire elephant tramples you!
A demonic guardian appears!
You stumble backwards!
Casting: Invisibility (dangerous; 8% risk of failure)
Confirm with . or Enter, or press ? or * to list all spells.
Casting: Frozen Ramparts (safe; 1% risk of failure)
Press: ? - help, Dir - look around, f - activate The walls around you are covered in ice.
The wall freezes the dire elephant.
The dire elephant tramples you!!
You stumble backwards!
The frozen ramparts melt away as you move.
Casting: Frozen Ramparts (safe; 1% risk of failure)
Confirm with . or Enter, or press ? or * to list all spells.
A film of ice covers your body! The dire elephant tramples you!
You hold your ground!
The dire elephant trunk-slaps you but does no damage.
Casting: Ozocubu's Armour (safe; 1% risk of failure)
Confirm with . or Enter, or press ? or * to list all spells.
Casting: Frozen Ramparts (safe; 1% risk of failure)
Press: ? - help, Dir - look around, f - activate The walls around you are covered in ice.
Your soul eater hits the dire elephant but does no damage.
The wall freezes the dire elephant.
The dire elephant tramples you!!
You hold your ground!
The dire elephant misses you.
You hit the dire elephant but do no damage.
The dire elephant is heavily wounded.
Your soul eater hits the dire elephant but does no damage.
Aim the phial where?
Press: ? - help, Shift-Dir - straight line, f - dire elephant
Aim: a dire elephant (heavily wounded, ally target)
Okay, then.
Unknown command.
You hit the dire elephant but do no damage.
The dire elephant is heavily wounded.
You hit the dire elephant but do no damage.
The dire elephant is heavily wounded.
The wall freezes the dire elephant.
The dire elephant tramples you!!
* * * LOW HITPOINT WARNING * * *
You hold your ground!
The dire elephant trunk-slaps you.
You die...

≈≈§§≈≈≈≈♣♣♣♣♣♣♣#..♣♣
.≈≈≈§≈≈≈♣
###'♣♣♣♣♣♣♣♣♣♣♣♣♣♣
##@######
♣♣♣♣.##..##≈≈≈≈≈≈..
{
♣...##.##.#≈≈≈≈☼...
♣♣.##.##.##'≈≈≈≈☼##
♣..#.##...#≈≈..°..
♣♣.##.##..#≈..+###
♣♣3##.#####...#
♣@Y...##......#
########'#########
#..........
#..........
###########
##.........
#..........
#..########
#..........


You could see a dire elephant (ally target) and a friendly soul eater
(summoned).

Vanquished Creatures
  A nagaraja (D)
  A dire elephant (D)
  A naga warrior (D)
  2 hydras (D)
  5 anacondas (D)
  A centaur warrior (D)
  An orc high priest (D)
  Urug (D)
  A death drake (D)
  A lindwurm (D)
  An orc sorcerer (D)
  2 elephants (D)
  5 black mambas (D)
  A guardian serpent (D)
  2 cane toads (D)
  A rime drake (D)
  A komodo dragon (D)
  An unseen horror (D)
  3 wandering mushrooms (D)
  2 tyrant leeches (D)
  5 blink frogs (D)
  3 redbacks (D)
  A shadow (D)
  2 nagas (D)
  3 water moccasins (D)
  A spatial vortex (D)
  A swamp drake (D)
  3 orc warriors (D)
  A necrophage (D)
  2 centaurs (D)
  An earth elemental (D)
  A water elemental (D)
  A scorpion (D)
  An electric eel (D)
  A jelly (D)
  3 orc priests (D)
  A wizard (D)
  Jessica (D)
  2 orc wizards (D)
  A necromancer (D)
  3 humans (D)
  A kobold demonologist (D)
  3 adders (D)
  7 orcs (D)
  2 endoplasms (D)
85 creatures vanquished.

Vanquished Creatures (collateral kills)
  Erica (D)
  A deep elf pyromancer (D)
  An orc priest (D)
3 creatures vanquished.

Vanquished Creatures (others)
  14 plants (D)
14 creatures vanquished.

Grand Total: 102 creatures vanquished

Notes
Turn   | Place    | Note
-------+----------+-------------------------------------------
     0 | D        | MikeHunt the Demonspawn Ice Elementalist began the quest
                  | for the Orb.
     0 | D        | Reached XP level 1. HP: 13/13 MP: 3/3
    24 | D        | Noticed Jessica
    33 | D        | Killed Jessica
    34 | D        | Gained mutation: You have a pair of small antennae on your
                  | head. [demonic ancestry]
    34 | D        | Reached XP level 2. HP: 7/19 MP: 0/6
    34 | D        | Gained mutation: A weak demonic guardian rushes to your
                  | aid. [demonic ancestry]
    34 | D        | Reached XP level 3. HP: 9/24 MP: 0/8
   210 | D        | Learned a level 3 spell: Frozen Ramparts
   214 | D        | Learned a level 3 spell: Ozocubu's Armour
   232 | D        | Reached skill level 5 in Ice Magic
   298 | D        | Noticed a scorpion
   304 | D        | Killed a scorpion
   305 | D        | Reached skill level 5 in Spellcasting
   305 | D        | Reached XP level 4. HP: 30/30 MP: 2/11
   336 | D        | Learned a level 4 spell: Hailstorm
   377 | D        | Noticed a water elemental
   382 | D        | Killed a water elemental
   383 | D        | Reached XP level 5. HP: 34/35 MP: 5/13
   440 | D        | Found a radiant altar of Vehumet.
   441 | D        | Found a shimmering blue altar of Sif Muna.
   441 | D        | Found an ancient bone altar of Kikubaaqudgha.
   455 | D        | Became a worshipper of Sif Muna the Loreminder
   486 | D        | Found a shadowy altar of Dithmenos.
   486 | D        | Noticed a necrophage
   494 | D        | Killed a necrophage
   495 | D        | Reached skill level 5 in Conjurations
   495 | D        | Gained mutation: A demonic guardian rushes to your aid.
                  | [demonic ancestry]
   495 | D        | Reached XP level 6. HP: 37/41 MP: 5/16
   567 | D        | Found a basalt altar of Yredelemnul.
   567 | D        | Found a sacrificial altar of Ru.
   602 | D        | Noticed a deep elf pyromancer
   609 | D        | Killed a deep elf pyromancer
   609 | D        | Reached * piety under Sif Muna
   610 | D        | Gained mutation: You may rarely emit foul miasma when
                  | damaged in melee. [demonic ancestry]
   610 | D        | Reached XP level 7. HP: 23/46 MP: 10/19
   811 | D        | Found a hide-covered altar of Uskayaw.
   811 | D        | Found an iron altar of Okawaru.
   812 | D        | Found a bloodstained altar of Trog.
   812 | D        | Found an ornate altar of the Wu Jian Council.
   812 | D        | Noticed a human
   812 | D        | Noticed a human
   819 | D        | Killed a human
   820 | D        | Reached skill level 10 in Ice Magic
   821 | D        | Killed a human
   821 | D        | Reached ** piety under Sif Muna
   822 | D        | Reached XP level 8. HP: 45/52 MP: 12/21
  1046 | D        | Found a blossoming altar of Fedhas.
  1046 | D        | Found a stormy altar of Qazlal.
  1047 | D        | Found a snail-covered altar of Cheibriados.
  1047 | D        | Found a burning altar of Makhleb.
  1047 | D        | Found a hazy altar of Hepliaklqana.
  1047 | D        | Found a shimmering altar of Xom.
  1047 | D        | Found an opulent altar of Gozag.
  1047 | D        | Found a sparkling altar of Nemelex Xobeh.
  1047 | D        | Found a corrupted altar of Lugonu.
  1047 | D        | Found a viscous altar of Jiyva.
  1318 | D        | Learned a level 6 spell: Invisibility
  1324 | D        | Noticed an orc high priest
  1327 | D        | Noticed a smoke demon
  1343 | D        | Reached skill level 1 in Hexes
  1346 | D        | Reached skill level 5 in Invocations
  1346 | D        | Killed an orc high priest
  1346 | D        | Reached *** piety under Sif Muna
  1347 | D        | Reached skill level 5 in Fighting
  1347 | D        | Reached skill level 5 in Dodging
  1347 | D        | Reached XP level 9. HP: 45/68 MP: 7/22
  1398 | D        | Reached **** piety under Sif Muna
  1431 | D        | Noticed an orc sorcerer
  1435 | D        | Paralysed by an orc sorcerer for 5 turns
  1440 | D        | Killed an orc sorcerer
  1441 | D        | Reached skill level 5 in Hexes
  1449 | D        | Reached ***** piety under Sif Muna
  1449 | D        | Received a gift from Sif Muna
  1656 | D        | Noticed Erica
  1664 | D        | Killed Erica
  1688 | D        | Found Tiefel's Antique Weapon Shoppe.
  1800 | D        | Noticed a centaur warrior
  1806 | D        | Received a gift from Sif Muna
  1808 | D        | Reached skill level 10 in Invocations
  1810 | D        | Killed a centaur warrior
  1811 | D        | Reached XP level 10. HP: 49/82 MP: 9/23
  1811 | D        | Got Sif Muna's Almanac of Air {god gift}
  1961 | D        | Reached skill level 1 in Short Blades
  2118 | D        | Received a gift from Sif Muna
  2119 | D        | Got Sif Muna's Volume of Harmful Snow {god gift}
  2126 | D        | Noticed a cane toad
  2126 | D        | Noticed a cane toad
  2131 | D        | Killed a cane toad
  2136 | D        | Killed a cane toad
  2395 | D        | Reached skill level 10 in Fighting
  2447 | D        | Received a gift from Sif Muna
  2448 | D        | Reached skill level 3 in Stealth
  2448 | D        | Got Sif Muna's Compendium of Feathery Conjuration {god
                  | gift}
  2683 | D        | Reached skill level 4 in Stealth
  2699 | D        | Noticed a lindwurm
  2841 | D        | Killed a lindwurm
  2842 | D        | Reached skill level 6 in Stealth
  3110 | D        | Reached skill level 7 in Stealth
  3110 | D        | Reached XP level 11. HP: 65/90 MP: 12/24
  3209 | D        | Noticed Urug
  3214 | D        | Killed Urug
  3215 | D        | Reached skill level 8 in Stealth
  3269 | D        | Reached skill level 9 in Stealth
  3556 | D        | Upgraded the game from 0.28-a0-476-g0f06bd746f to
                  | 0.28-a0-479-g5baa6b73be
  3574 | D        | Received a gift from Sif Muna
  3575 | D        | Reached skill level 10 in Stealth
  3575 | D        | Got Givis's Papyrus of Floating Bewitchment {god gift}
  3839 | D        | Noticed a six-headed hydra
  3839 | D        | Noticed a seven-headed hydra
  3853 | D        | Killed a seven-headed hydra
  3853 | D        | Reached ****** piety under Sif Muna
  3854 | D        | Reached skill level 5 in Short Blades
  3993 | D        | Killed a six-headed hydra
  3994 | D        | Reached skill level 10 in Hexes
  4063 | D        | Noticed a death drake
  4070 | D        | Killed a death drake
  4071 | D        | Reached skill level 11 in Stealth
  4073 | D        | Noticed an anaconda
  4081 | D        | Received a gift from Sif Muna
  4082 | D        | Got Sif Muna's Tome of Companions and Arcane Weapons {god
                  | gift}
  4087 | D        | Killed an anaconda
  4157 | D        | Noticed an anaconda
  4166 | D        | Killed an anaconda
  4167 | D        | Reached skill level 12 in Stealth
  4182 | D        | Received a gift from Sif Muna
  4183 | D        | Got Sif Muna's Disquisition on the Aerial Escort {god gift}
  4462 | D        | Noticed an anaconda
  4462 | D        | Noticed an anaconda
  4465 | D        | Killed an anaconda
  4466 | D        | Noticed an anaconda
  4473 | D        | Killed an anaconda
  4475 | D        | Killed an anaconda
  4476 | D        | Reached skill level 13 in Stealth
  4476 | D        | Reached XP level 12. HP: 97/97 MP: 20/25
  4479 | D        | Noticed a naga warrior
  4479 | D        | Noticed a nagaraja
  4488 | D        | Learned a level 5 spell: Irradiate
  4505 | D        | Killed a nagaraja
  4507 | D        | Killed a naga warrior
  4507 | D        | Received a gift from Sif Muna
  4508 | D        | Reached skill level 10 in Conjurations
  4508 | D        | Reached skill level 5 in Transmutations
  4508 | D        | Got Loecafiw's Disquisition on the Freezing Rocks {god
                  | gift}
  4828 | D        | Found Noikk's Antique Armour Shop.
  4828 | D        | Found Aluluohow's Book Shoppe.
  4866 | D        | Found Wisemp's Magic Scroll Boutique.
  4870 | D        | Bought a pair of boots for 103 gold pieces
  4870 | D        | Bought a pitted ring mail for 207 gold pieces
  4870 | D        | Identified the +1 ring mail of Uskayaw's Esteem {rC+ Str+2
                  | Int+7} (You bought it in a shop in the Dungeon)
  4900 | D        | Reached skill level 1 in Armour
  4901 | D        | Got a serpentine rune of Zot
  4997 | D        | Noticed a dire elephant
  4997 | D        | Noticed a dire elephant
  4997 | D        | Noticed Gastronok
  5324 | D        | Noticed Rupert
  5344 | D        | Killed a dire elephant
  5366 | D        | HP: 1/97 [dire elephant (31)]
  5366 | D        | Slain by a dire elephant

Illustrated notes

Levels and vault maps discovered:
D:        dungeon_sprint_mu [sprint_mu_entry_cave, sprint_mu_temple_rooms,
          sprint_mu_d1_horrors, sprint_mu_d2_genie, sprint_mu_d3_branching,
          sprint_mu_orc_legion, sprint_mu_elf_gauntlet, sprint_mu_hive_nellie,
          sprint_mu_lair_fedhas, sprint_mu_vaults_butterflies,
          sprint_mu_slime_circle, sprint_mu_swamp_cave, sprint_mu_snake_twists,
          sprint_mu_blade_basic, sprint_mu_crypt_chambers,
          sprint_mu_tomb_spiral, sprint_mu_vestibule_basic,
          sprint_mu_gehenna_hellfire, sprint_mu_dis_giant,
          sprint_mu_tartarus_statrot, sprint_mu_cocytus_islands, sprint_mu_zot1]

Skill      XL: |  1  2  3  4  5  6  7  8  9 10 11 12 |
---------------+-------------------------------------+-----
Ice Magic      | 4 6 7 8 9 10 | 10.2
Shields        | 2 4 |  4.0
Spellcasting   | 3 5 6 7 9 |  9.7
Conjurations   | 3 5 7 8 10 | 10.0
Fighting       | 5 8 10 | 10.0
Dodging        | 5 8 9 |  9.5
Invocations    | 7 10 | 10.0
Hexes          | 4 7 9 12 | 12.4
Short Blades   | 4 9 |  9.2
Stealth        | 7 13 | 13.0
Transmutations | 7 |  7.3
Armour         | 4 |  4.4

Action                   |  1- 3 |  4- 6 |  7- 9 | 10-12 || total
-------------------------+-------+-------+-------+-------++-------
Melee: Dagger            |       |       |    23 |   141 ||   164
 Cast: Freeze            |    12 |    17 |    25 |    40 ||    94
       Frozen Ramparts   |     2 |     5 |     9 |    24 ||    40
       Hailstorm         |       |       |    22 |    26 ||    48
       Ozocubu's Armour  |       |       |     4 |    14 ||    18
       Invisibility      |       |       |       |    11 ||    11
Invok: Channel Magic     |       |       |     2 |     1 ||     3
Evoke: Phial of floods   |       |       |       |     2 ||     2
  Use: Potion            |       |       |     1 |     3 ||     4
       Scroll            |       |       |       |     1 ||     1
 Stab: Invisible         |       |       |       |    26 ||    26
       Sleeping          |       |       |       |     9 ||     9
Armor: Robe              |       |       |     8 |    11 ||    19
       Ring mail         |       |       |       |     4 ||     4
Dodge: Dodged            |     6 |     8 |    25 |    99 ||   138
Block: Buckler           |       |     5 |    10 |    20 ||    35

Table legend: (Time is in decaauts)
 A = Elapsed time spent in this place.
 B = Non-inter-level travel time spent in this place.
 C = Inter-level travel time spent in this place.
 D = Time resting spent in this place.
 E = Time spent auto-exploring this place.
 F = Levels seen in this place.
 G = Mean time per level.
                   A        B        C        D        E       F      G
               +--------+--------+--------+--------+--------+-----+--------+
         Total |   5326 |   5209 |    117 |   4003 |      0 |   1 | 5326.0 |
       Dungeon |   5326 |   5209 |    117 |   4003 |      0 |   1 | 5326.0 |
               +--------+--------+--------+--------+--------+-----+--------+

Top non-repeatable levels by time:
       D: 5326 daAuts
